 Dungeon Crawl Stone Soup version 0.28-a0-514-g0d7ab7f379 (webtiles) character file.

Game seed: 9661872095839603901

3874 speeev33 the Fighter (level 10, -1/66 HPs)
             Began as a Gargoyle Fighter on Sept 23, 2021.
             Was an Initiate of Okawaru.
             Killed from afar by Maggie (7 damage)
             ... with a bolt of fire
             ... on level 7 of the Dungeon.
             The game lasted 00:13:23 (6287 turns).

speeev33 the Fighter (Gargoyle Fighter)             Turns: 6287, Time: 00:13:23

Health: -1/66      AC: 18    Str: 22    XL:     10   Next: 19%
Magic:  10/10      EV: 10    Int: 10    God:    Okawaru [......]
Gold:   281        SH:  4    Dex:  9    Spells: 9/9 levels left

rFire   . . .      SeeInvis .   d - +4 morningstar (holy)
rCold   . . .      Faith    .   c - +0 buckler
rNeg    + . .      Spirit   .   b - +0 scale mail
rPois   ∞          Reflect  .   (no helmet)
rElec   +          Harm     .   m - +0 cloak
rCorr   .          Rampage  .   g - +0 pair of gloves
Will    .....                   (no boots)
Stlth   ..........              e - amulet of regeneration
HPRegen 1.21/turn               (no ring)
MPRegen 0.12/turn               (no ring)

@: no status effects
A: sickness immunity, AC +7, negative energy resistance 1, electricity
resistance, torment resistance 1, petrification resistance
a: Renounce Religion


You were on level 7 of the Dungeon.
You worshipped Okawaru.
Okawaru was noncommittal.
You visited 2 branches of the dungeon, and saw 8 of its levels.
You also visited: Sewer and Ossuary.

You collected 477 gold pieces.
You spent 196 gold pieces at shops.

Inventory:

Hand Weapons
 d - a +4 morningstar of holy wrath (weapon)
Missiles
 t - 12 boomerangs of dispersal (quivered)
 v - 2 throwing nets
Armour
 b - a +0 scale mail (worn)
 c - a +0 buckler (worn)
 g - a +0 pair of gloves (worn)
 m - a +0 cloak (worn)
Jewellery
 e - an amulet of regeneration (around neck)
Wands
 x - a wand of acid (8)
Scrolls
 a - a scroll of magic mapping
 j - a scroll of blinking
 p - 5 scrolls of teleportation
 u - a scroll of identify
 y - a scroll of fear
Potions
 f - 3 potions of flight
 h - 3 potions of invisibility
 i - a potion of magic {unknown}
 k - 3 potions of lignification
 l - a potion of attraction {unknown}
 n - 3 potions of curing
 o - 2 potions of brilliance {unknown}
 q - 4 potions of heal wounds
 r - 2 potions of haste {unknown}
 s - a potion of mutation {unknown}
 w - a potion of resistance


   Skills:
 + Level 9.6 Fighting
 + Level 8.5 Maces & Flails
 + Level 9.6 Armour
 - Level 4.0 Shields


You had 9 spell levels left.
You didn't know any spells.
Your spell library contained the following spells:

 Spells                   Type           Power      Damage    Failure   Level
 Apportation              Tloc           0%         N/A       63%         1
 Foxfire                  Conj/Fire      0%         2x1d4     63%         1
 Corpse Rot               Necr/Air       N/A        N/A       77%         2
 Poisonous Vapours        Pois/Air       0%         N/A       77%         2
 Conjure Flame            Conj/Fire      0%         6-21      94%         3
 Inner Flame              Hex/Fire       0%         N/A       94%         3
 Portal Projectile        Hex/Tloc       0%         N/A       94%         3
 Flame Wave               Conj/Fire      0%         3d3       100%        4
 Leda's Liquefaction      Hex/Erth       0%         N/A       100%        4
 Blade Hands              Tmut           0%         N/A       100%        5
 Irradiate                Conj/Tmut      0%         3d13      100%        5
 Dragon Form              Tmut           0%         N/A       100%        7
 Orb of Destruction       Conj           0%         N/A       100%        7
 Animate Skeleton         Necr           Unusable   N/A       N/A         1
 Summon Small Mammal      Summ           Unusable   N/A       N/A         1
 Call Canine Familiar     Summ           Unusable   N/A       N/A         3
 Summon Guardian Golem    Hex/Summ       Unusable   N/A       N/A         3
 Spellforged Servitor     Conj/Summ      Unusable   N/A       N/A         7

Dungeon Overview and Level Annotations

Branches:
Dungeon (7/15)             Temple (1/1) D:7           Sewer (visited)
Ossuary (visited)

Altars:
Ashenzari
Cheibriados
Dithmenos
Elyvilon
Fedhas
Hepliaklqana
Kikubaaqudgha
Nemelex Xobeh
Okawaru
Qazlal
Ru
Sif Muna
Trog
Uskayaw
Wu Jian
Xom
Yredelemnul
Zin
The Shining One

Shops:
D:1 :   D:2 [*:(   D:4 **

Annotations:
D:7 Maggie


Innate Abilities, Weirdness & Mutations

You are immune to sickness and miasma.
Your stone body is resilient. (AC +7)
You are immune to poison.
You resist negative energy. (rN+)
You are resistant to electric shocks. (rElec)
You are resistant to unholy torment.
You are immune to petrification.


Message History

There are monsters nearby!
Press: ? - help, v - describe, . - travel
Here: Maggie, wielding a +4 glaive of pain and wearing +0 swamp dragon scales The floor.
The wyvern hisses angrily.
Okay, then.
Okay, then.
You start waiting.
A wyvern is nearby!
You puncture the wyvern!
The wyvern is heavily wounded.
The wyvern bites you!
The wyvern bites you but does no damage.
You sock the wyvern!
The wyvern is almost dead.
The wyvern bites you.
You hit the wyvern.
You kill the wyvern!
Okawaru accepts your kill.
Maggie hits you from afar with a +4 glaive of pain.
Maggie barely misses you.
You barely miss Maggie. Maggie barely misses you.
You hit Maggie.
Maggie is lightly wounded.
Maggie hits you with a +4 glaive of pain.
You writhe in agony.
You sock Maggie!
Maggie is lightly wounded.
Maggie casts a spell at you. The bolt of fire hits you!!
* * * LOW HITPOINT WARNING * * *
You barely miss Maggie.
Maggie is lightly wounded.
Maggie hits you with a +4 glaive of pain!
* * * LOW HITPOINT WARNING * * *
You hit Maggie.
Maggie is moderately wounded.
Maggie points at you and mumbles some strange words.
The bolt of fire hits you!
You die...

........# ##..#..#.#... ........#
#..#.##.##.. ....l...#
#....#...#.. #####
........######.##.#._.#.. ....#
................#.#...#.. ....#
#.###.....#.##.##.. ....#
#...#.###.#..#.#..+
....#############@#.###....#.#.#.
...)............@.#.#......#.#.#.
............#######.#.##...#'#.##
............#### #.#...#......#
......|........# #.###.#..#####
............##.####.#.........#
####......))##.)....#.##......#
########....))...#.##.....)#
#...###.......####..### #...#
#.....### #...#


You could see Maggie.

Vanquished Creatures
  Harold (D:7)
  Prince Ribbit (D:6)
  A wyvern (D:7)
  Eustachio (D:5)
  Menkaure (D:4)
  A steam dragon (D:6)
  A black bear (D:6)
  An orc warrior (D:6)
  2 ogres
  6 centaurs
  A kobold brigand (Sewer)
  Blork the orc (D:4)
  A bullfrog (D:6)
  2 elf zombies (Ossuary)
  3 scorpions
  A wyvern skeleton (D:7)
  5 wights (D:7)
  A bullfrog zombie (D:5)
  7 hounds
  2 human zombies (Ossuary)
  5 orc priests
  A jelly (D:6)
  A bullfrog skeleton (D:5)
  Crazy Yiuf (D:5)
  2 iguanas (D:6)
  4 orc wizards
  A hound skeleton (D:4)
  4 mummies (Ossuary)
  8 adders
  A worm (D:4)
  2 dart slugs
  14 orcs
  15 endoplasms
  4 giant cockroaches
  4 goblins
  9 hobgoblins
  9 jackals
  2 quokkas
  A ball python (D:1)
  8 bats
  4 frilled lizards
  A gnoll zombie (Ossuary)
  A jackal zombie (Ossuary)
  17 kobolds
  2 kobold zombies (Ossuary)
  3 orc zombies (Ossuary)
  9 rats
  A rat zombie (Ossuary)
  A spectral orc (D:4)
175 creatures vanquished.

Vanquished Creatures (others)
  An orc (D:3)
1 creature vanquished.

Grand Total: 176 creatures vanquished

Notes
Turn   | Place    | Note
-------+----------+-------------------------------------------
     0 | D:1      | speeev33 the Gargoyle Fighter began the quest for the Orb.
     0 | D:1      | Reached XP level 1. HP: 14/14 MP: 1/1
   158 | D:1      | Found a faded altar of an unknown god.
   185 | D:1      | Reached XP level 2. HP: 19/19 MP: 2/2
   362 | D:1      | Found Haesirarph's Book Emporium.
   579 | D:1      | Reached XP level 3. HP: 23/23 MP: 3/3
   889 | D:2      | Found Cisocs's Assorted Antiques.
  1053 | D:2      | Found a shimmering blue altar of Sif Muna.
  1093 | D:2      | Reached XP level 4. HP: 29/29 MP: 4/4
  1357 | D:2      | Found Liosik's Book Emporium.
  1396 | D:2      | Found Etet's Antique Armour Boutique.
  1484 | D:2      | Found Ciadamaso's Weapon Shop.
  1887 | D:3      | Found a sacrificial altar of Ru.
  1920 | D:3      | Reached XP level 5. HP: 33/33 MP: 5/5
  2339 | D:4      | Noticed Menkaure
  2345 | D:4      | Killed Menkaure
  2346 | D:4      | Reached XP level 6. HP: 40/40 MP: 6/6
  2374 | D:4      | Found an ornate altar of the Wu Jian Council.
  2381 | D:4      | Reached skill level 5 in Fighting
  2381 | D:4      | Reached skill level 5 in Armour
  2408 | D:4      | Noticed Blork the orc
  2450 | D:4      | Killed Blork the orc
  2451 | D:4      | Reached XP level 7. HP: 36/44 MP: 7/7
  2695 | D:4      | Found Ronix's Specific Store.
  2705 | D:4      | Found Ety Boav's General Store.
  2864 | D:4      | Found a glowing drain.
  2873 | Sewer    | Entered a sewer
  2993 | Sewer    | Found a white marble altar of Elyvilon.
  3177 | D:4      | Found a hazy altar of Hepliaklqana.
  3234 | D:4      | Reached skill level 5 in Maces & Flails
  3737 | D:5      | Entered Level 5 of the Dungeon
  3845 | D:5      | Reached XP level 8. HP: 51/51 MP: 8/8
  3916 | D:5      | Identified the ring of Lidiom {rN+ Will- Str+3 Int+4}
  3996 | D:5      | Found a runed translucent door.
  3997 | D:5      | Noticed Crazy Yiuf
  4213 | D:5      | Found a glowing silver altar of Zin.
  4260 | D:5      | Noticed Eustachio
  4420 | D:5      | Killed Eustachio
  4539 | D:5      | Killed Crazy Yiuf
  4636 | D:2      | Bought a runed morningstar for 196 gold pieces
  4789 | D:6      | Reached XP level 9. HP: 52/57 MP: 9/9
  4883 | D:6      | Noticed Prince Ribbit
  4953 | D:6      | Found a bloodstained altar of Trog.
  5037 | D:6      | Found a sand-covered staircase.
  5042 | Ossuary  | Entered an ossuary
  5536 | D:6      | Killed Prince Ribbit
  5724 | D:7      | Noticed Harold
  5735 | D:7      | Killed Harold
  5736 | D:7      | Reached XP level 10. HP: 41/66 MP: 10/10
  6113 | D:7      | Found a staircase to the Ecumenical Temple.
  6122 | Temple   | Entered the Ecumenical Temple
  6128 | Temple   | Became a worshipper of Warmaster Okawaru
  6151 | D:7      | Found a sparkling altar of Nemelex Xobeh.
  6272 | D:7      | Noticed Maggie
  6287 | D:7      | Killed from afar by Maggie

Illustrated notes

Levels and vault maps discovered:
D:1:      minmay_arrival_glassed_features, layout_loops_corners,
          chequers_ecumenical_altar_simple_redux, serial_shops, shop,
          minmay_3d_cube
D:2:      layout_basic, basic_altar, serial_shops, shop, nicolae_diamond_shop,
          shop, nicolae_shop_behind_doors
D:3:      layout_basic, general_overflow_altar, corexii_leaking_fountain,
          chequers_serial_rivers_marsh, amcnicky_mini_pool_small
D:4:      layout_loops_ring, old_standard_altar,
          nicolae_hepliaklqana_monster_ancestors, portal_sewer_entry_a,
          chequers_serial_rivers_small_a, nicolae_specific_store,
          minmay_unequal, uniq_blork_the_orc, uniq_menkaure
D:5:      layout_basic, mainiacjoe_overflow_boulevard, grunt_decor_junction,
          uniq_eustachio, uniq_crazy_yiuf_cottage
D:6:      layout_loops_cross, mainiacjoe_overflow_24_doors,
          nicolae_ossuary_entry_false_entrances, minmay_unpleasant_kobolds,
          uniq_prince_ribbit1
D:7:      layout_basic, mainiacjoe_overflow_surrounded_room,
          minmay_temple_entry_drinking_statues, uniq_harold, uniq_maggie
Temple:   nicolae_temple_x_marks_the_god

Skill      XL: |  1  2  3  4  5  6  7  8  9 |
---------------+----------------------------+-----
Fighting       | 4 5 6 7 9 |  9.6
Armour         | 4 5 6 7 9 |  9.6
Shields        | 4 |  4.0
Maces & Flails | 3 4 5 6 8 |  8.5

Action                   |  1- 3 |  4- 6 |  7- 9 | 10-12 || total
-------------------------+-------+-------+-------+-------++-------
Melee: Flail             |   119 |   146 |   243 |       ||   508
       Morningstar       |       |       |   149 |    42 ||   191
  Use: Scroll            |     2 |     4 |     5 |     1 ||    12
       Potion            |       |     1 |     1 |       ||     2
Armor: Scale mail        |    76 |    83 |   306 |    15 ||   480
Dodge: Dodged            |    65 |    68 |   239 |    11 ||   383
Block: Buckler           |    24 |    27 |   110 |     7 ||   168

Table legend: (Time is in decaauts)
 A = Elapsed time spent in this place.
 B = Non-inter-level travel time spent in this place.
 C = Inter-level travel time spent in this place.
 D = Time resting spent in this place.
 E = Time spent auto-exploring this place.
 F = Levels seen in this place.
 G = Mean time per level.
                   A        B        C        D        E       F      G
               +--------+--------+--------+--------+--------+-----+--------+
         Total |   6450 |   6081 |    369 |    386 |   3687 |  10 |  645.0 |
       Dungeon |   6035 |   5671 |    364 |    386 |   3560 |   7 |  862.1 |
        Temple |     12 |      7 |      5 |      0 |      0 |   1 |   12.0 |
         Sewer |    195 |    195 |      0 |      0 |    115 |   1 |  195.0 |
       Ossuary |    205 |    205 |      0 |      0 |     11 |   1 |  205.0 |
               +--------+--------+--------+--------+--------+-----+--------+

Top non-repeatable levels by time:
     D:4: 1281 daAuts
     D:2: 1018 daAuts
     D:1: 917 daAuts
     D:5: 880 daAuts
     D:6: 815 daAuts
     D:7: 573 daAuts
     D:3: 549 daAuts
 Ossuary: 205 daAuts
   Sewer: 195 daAuts
  Temple: 12 daAuts
